 Dungeon Crawl Stone Soup version 0.30-a0-1043-g60ff8d5f49 (webtiles) character file.

Game seed: 6794213362148853753

778 Pimp the Trooper (level 7, -1/55 HPs)
             Began as a Demonspawn Fighter on Apr 8, 2023.
             Frozen to death by 0gre's ghost (11 damage)
             ... on level 6 of the Dungeon on Apr 9, 2023.
             The game lasted 00:08:29 (4375 turns).

Pimp the Trooper (Demonspawn Fighter)               Turns: 4375, Time: 00:08:30

Health: -1/55      AC:  8    Str: 18    XL:     7   Next: 54%
Magic:  7/8        EV:  9    Int: 10    God:
Gold:   398        SH:  9    Dex: 12    Spells: 7/7 levels left

rFire   . . .      SeeInvis .    a - +1 war axe
rCold   . . .      Faith    .    c - +0 buckler
rNeg    . . .      Spirit   .    b - +0 scale mail
rPois   .          Reflect  .    (helmet restricted)
rElec   .          Rampage  .    u - +0 cloak
rCorr   .                        (no gloves)
Will    .....                    (no boots) Stlth
                                 (no amulet)
HPRegen 0.29/turn                (no ring)
MPRegen 0.11/turn                (no ring)

@: mighty
A: horns 2, large bone plates 1, ignite blood 1, spiny 1
a: no special abilities


You were on level 6 of the Dungeon.
You visited 1 branch of the dungeon, and saw 6 of its levels.

You collected 398 gold pieces.

Inventory:

Hand Weapons
 a - a +1 war axe (weapon)
Armour
 b - a +0 scale mail (worn)
 c - a +0 buckler (worn)
 u - a +0 cloak (worn)
Magical Staves
 e - the staff of death "Feun" {rF+ rN+ rCorr Dex+2}
   (You acquired it on level 5 of the Dungeon)

   [staff of death]

   Base accuracy: +5 Base damage: 5 Base attack delay: 1.2 This weapon's minimum
   attack delay (0.6) is reached at skill level 12.
   Dex:       It affects your dexterity (+2).
   rF:        It protects you from fire.
   rN:        It protects you from negative energy.
   rCorr:     It protects you from acid and corrosion.
   It falls into the 'Staves' category.
   It is a one-handed weapon.
Jewellery
 f - a ring of positive energy
 l - a ring of resist corrosion
Wands
 n - a wand of roots (10)
 w - a wand of flame (14)
Scrolls
 g - a scroll of teleportation
 j - a scroll of magic mapping
 m - a scroll of vulnerability {unknown}
 o - 3 scrolls of identify
 s - a scroll of immolation
Potions
 h - a potion of cancellation {unknown}
 i - 2 potions of degeneration
 k - a potion of heal wounds
 p - 2 potions of attraction
 r - 3 potions of curing
 v - a potion of mutation {unknown}
 x - a potion of magic {unknown}
 z - a potion of brilliance {unknown}


   Skills:
 + Level 4.8 Fighting
 + Level 3.9 Axes
 + Level 4.4 Armour
 + Level 2.1 Dodging
 + Level 4.3 Shields
 + Level 0.7 Spellcasting
 * Level 1.6 Necromancy


You had 7 spell levels left.
You didn't know any spells.
Your spell library contained the following spells:

 Spells                   Type           Power      Damage    Failure   Level
 Magic Dart               Conj           0%         1d3       80%         1
 Call Imp                 Summ           0%         N/A       91%         2
 Mephitic Cloud           Conj/Pois/Air  0%         N/A       99%         3


Dungeon Overview and Level Annotations

Branches:
Dungeon (6/15)
 Temple: D:4-7

Altars:
Trog

Shops:
D:2 [

Annotations:
D:6 0gre's ghost, novice GnIE


Innate Abilities, Weirdness & Mutations

You have a pair of horns on your head.
You are partially covered in large bone plates. (SH +4)
Your demonic aura sometimes causes spilled blood to erupt in flames.
You are partially covered in sharp spines.


Message History

Found a twisted jewelled staff.
You feel very mighty all of a sudden.
You open the door.
The bullfrog hits you but does no damage.
You closely miss the bullfrog. Your headbutt misses the bullfrog.
The bullfrog is struck by your spines. The bullfrog barely misses you.
You block the bullfrog's attack.
You barely miss the bullfrog.
The bullfrog is lightly wounded.
The bullfrog barely misses you. The bullfrog closely misses you.
You slash the bullfrog! You headbutt the bullfrog.
You kill the bullfrog!
You block 0gre's ghost's attack.
There is an open translucent door, spattered with blood here.
You closely miss 0gre's ghost. 0gre's ghost freezes you.
You are frozen!!
You barely miss 0gre's ghost.
Your headbutt misses 0gre's ghost. 0gre's ghost freezes you.
You are frozen. 0gre's ghost shrieks, "You will never get the ORB!" 0gre's ghost hits you.
You hit 0gre's ghost. 0gre's ghost is lightly damaged. 0gre's ghost freezes you.
You are frozen!!
* * * LOW HITPOINT WARNING * * *
You slash 0gre's ghost! 0gre's ghost is moderately damaged. 0gre's ghost is struck by your spines. 0gre's ghost hits you!
* * * LOW HITPOINT WARNING * * *
You feel much better. 0gre's ghost freezes you.
You are frozen!
* * * LOW HITPOINT WARNING * * *
You slice 0gre's ghost!!
You headbutt 0gre's ghost! 0gre's ghost is almost destroyed. 0gre's ghost freezes you.
You are frozen!
You die...

###'### ###.##
#.....# ###...
#.....# #..>##
#.....# #.....
######.....# #..###
##..........# #..###
##..#..#########..##.
#......# ##...##.
#..#@#.# #....##.
#.##W### #.....†. ..
##S## #.#.#### ...
#~# #.#.# .# #~#
#.#.# #|# ###.# #~#
#.# ### #.# #####.#


You could see 0gre's ghost and an adder.

Vanquished Creatures
  4 scorpions (D:5)
  A bullfrog (D:6)
  2 jellies (D:5)
  A gnoll bouda (D:4)
  4 hounds
  2 iguanas (D:4)
  4 gnolls (D:4)
  11 adders
  4 dart slugs
  5 orcs
  5 ball pythons
  2 bats
  4 endoplasms (D:2)
  3 giant cockroaches
  3 goblins (D:1)
  10 hobgoblins
  6 jackals
  3 quokkas
  4 frilled lizards
  7 kobolds
  7 rats
92 creatures vanquished.

Vanquished Creatures (others)
  4 toadstools (D:3)
4 creatures vanquished.

Grand Total: 96 creatures vanquished

Notes
Turn   | Place    | Note
-------+----------+-------------------------------------------
     0 | D:1      | Pimp the Demonspawn Fighter began the quest for the Orb.
     0 | D:1      | Reached XP level 1. HP: 18/18 MP: 1/1
   202 | D:1      | Gained mutation: You have a pair of small horns on your
                  | head. [demonic ancestry]
   202 | D:1      | Reached XP level 2. HP: 24/24 MP: 2/2
   349 | D:1      | Found a faded altar of an unknown god.
   892 | D:2      | Found Ymuhepta's Armour Emporium.
   958 | D:2      | Gained mutation: Your demonic aura sometimes causes spilled
                  | blood to erupt in flames. [demonic ancestry]
   958 | D:2      | Reached XP level 3. HP: 28/29 MP: 3/3
   991 | D:2      | Found a bloodstained altar of Trog.
  1308 | D:2      | Found Onlaora's Armour Shop.
  1370 | D:2      | Identified the +1 helmet of Joupn {rCorr Int+2}
  1595 | D:3      | Gained mutation: You are partially covered in sharp spines.
                  | [demonic ancestry]
  1595 | D:3      | Reached XP level 4. HP: 32/35 MP: 4/4
  2353 | D:4      | Gained mutation: You are partially covered in large bone
                  | plates. (SH +4) [demonic ancestry]
  2353 | D:4      | Reached XP level 5. HP: 42/42 MP: 5/5
  3071 | D:4      | Gained mutation: You have a pair of horns on your head.
                  | [demonic ancestry]
  3071 | D:4      | Reached XP level 6. HP: 37/48 MP: 6/6
  3079 | D:4      | Reached skill level 1 in Dodging
  3270 | D:5      | Entered Level 5 of the Dungeon
  3703 | D:5      | Reached XP level 7. HP: 55/55 MP: 7/7
  3715 | D:5      | Identified a scroll of acquirement
  3715 | D:5      | Acquired the staff of death "Feun" {rF+ rN+ rCorr Dex+2}
  3927 | D:5      | Reached skill level 1 in Necromancy
  4266 | D:5      | Upgraded the game from 0.30-a0-1035-g38d5fb2972 to
                  | 0.30-a0-1043-g60ff8d5f49
  4354 | D:6      | Found a runed translucent door.
  4360 | D:6      | Noticed 0gre's ghost (novice GnIE)
  4375 | D:6      | Frozen to death by 0gre's ghost

Illustrated notes

Levels and vault maps discovered:
D:1:      reono_arrival_forest_river, layout_loops_corners,
          chequers_ecumenical_altar_island
D:2:      layout_basic, serial_shops, shop_statue, nicolae_shop_statue_plus,
          basic_altar, minivault_14
D:3:      layout_basic, minmay_gold_behind_fungi, nicolae_elevator_lobby_plus
D:4:      layout_basic, st_stairs_14, corexii_checkpoint_b
D:5:      layout_loops_cross, minivault_4, hangedman_decor_push,
          chequers_decorated_corner
D:6:      layout_basic, grunt_temple_overflow_open, minmay_temple_entry_tees,
          cheibrodos_sewer_entry_sluice, ebering_ghost_sewer_d,
          roderic_serpentine_path

Skill      XL: |  1  2  3  4  5  6  7 |
---------------+----------------------+-----
Axes           | 2 3 |  3.9
Armour         | 3 4 |  4.4
Shields        | 3 4 |  4.3
Fighting       | 4 |  4.8
Dodging        | 1 2 |  2.1
Necromancy     | 1 |  1.6
Spellcasting   | |  0.7

Action                     |  1- 3 |  4- 6 |  7- 9 || total
---------------------------+-------+-------+-------++-------
  Melee: War axe           |    98 |    99 |    22 ||   219
         Headbutt          |    10 |    18 |     4 ||    32
    Use: Scroll            |       |     1 |    11 ||    12
         Potion            |       |       |     2 ||     2
 Armour: Scale mail        |    65 |    40 |    11 ||   116
  Dodge: Dodged            |    46 |    49 |     5 ||   100
  Block: Buckler           |    29 |    41 |     7 ||    77

Table legend: (Time is in decaauts)
 A = Elapsed time spent in this place.
 B = Non-inter-level travel time spent in this place.
 C = Inter-level travel time spent in this place.
 D = Time resting spent in this place.
 E = Time spent auto-exploring this place.
 F = Levels seen in this place.
 G = Mean time per level.
                   A        B        C        D        E       F      G
               +--------+--------+--------+--------+--------+-----+--------+
         Total |   4468 |   4271 |    197 |    100 |   3519 |   6 |  744.7 |
       Dungeon |   4468 |   4271 |    197 |    100 |   3519 |   6 |  744.7 |
               +--------+--------+--------+--------+--------+-----+--------+

Top non-repeatable levels by time:
     D:5: 1029 daAuts
     D:4: 1012 daAuts
     D:1: 914 daAuts
     D:2: 717 daAuts
     D:3: 703 daAuts
     D:6: 91 daAuts
